 Dungeon Crawl Stone Soup version 0.25-b1-37-g2669288c55 (webtiles) character file.

Game seed: 12849033126785656835

7106 Aviak the Blocker (level 10, 0/94 HPs)
             Began as a Deep Dwarf Fighter on June 5, 2020.
             Was a High Priest of Makhleb.
             Killed by divine providence
             ... invoked by an orc priest
              (9 damage)
             ... on level 10 of the Dungeon.
             The game lasted 00:08:50 (7205 turns).

Aviak the Blocker (Deep Dwarf Fighter)              Turns: 7205, Time: 00:08:51

Health: 0/94       AC: 15    Str: 23    XL:     10   Next: 84%
Magic:  8/8        EV:  6    Int:  9    God:    Makhleb [*****.]
Gold:   648        SH: 13    Dex: 18    Spells: 9/9 levels left

rFire    . . .     SeeInvis .   G - +0 broad axe
rCold    . . .     Gourm    .   F - +1 kite shield
rNeg     + . .     Faith    +   y - +0 plate armour
rPois    .         Spirit   .   q - +0 helmet
rElec    .         Reflect  .   (no cloak)
rCorr    .         Harm     .   (no gloves)
MR       +....                  (no boots)
Stlth    ..........             s - amulet of faith {!P}
HPRegen  0.00/turn              M - +6 ring of dexterity
MPRegen  0.11/turn              K - ring of positive energy

@: non-regenerating
A: damage resistance, heal wounds, sense surroundings 2, no regeneration
a: Heal Wounds, Minor Destruction, Lesser Servant of Makhleb, Major Destruction,
Greater Servant of Makhleb, Renounce Religion


You were on level 10 of the Dungeon.
You worshipped Makhleb.
Makhleb was extremely pleased with you.
You were not hungry.

You visited 2 branches of the dungeon, and saw 11 of its levels.

You collected 648 gold pieces.

Inventory:

Hand Weapons
 a - a +1 war axe
 G - a +0 broad axe (weapon)
Armour
 b - a +0 scale mail
 q - a +0 helmet (worn)
 y - a +0 plate armour (worn)
 F - a +1 kite shield (worn)
Jewellery
 s - an amulet of faith (around neck) {!P}
 v - a cursed amulet of inaccuracy
 A - an uncursed amulet of the acrobat {unknown}
 I - a +6 ring of intelligence
 K - a ring of positive energy (right hand)
 M - a +6 ring of dexterity (left hand)
Wands
 z - a wand of random effects (43)
 H - a wand of flame (17)
 J - a wand of digging (5)
Scrolls
 e - 3 scrolls of magic mapping
 h - 3 scrolls of amnesia
 j - a scroll of noise {!r!r}
 l - a scroll of fog
 n - 3 scrolls of enchant weapon
 p - 2 scrolls of enchant armour
 r - 4 scrolls of remove curse
 t - 3 scrolls of teleportation
 x - 2 scrolls of blinking
 D - 2 scrolls of immolation
 E - a scroll of fear
Potions
 c - 4 potions of curing
 d - 2 potions of might
 g - a potion of stabbing
 k - 5 potions of flight
 m - 3 potions of berserk rage
 o - 2 potions of haste {unknown}
 u - 11 potions of degeneration {!q!q}
 w - a potion of lignification {unknown}
 B - 2 potions of cancellation {unknown}
 C - 3 potions of heal wounds {unknown}
Comestibles
 f - 21 rations


   Skills:
 + Level 7.5 Fighting
 + Level 8.7 Axes
 - Level 1.8 Throwing
 + Level 9.0 Armour
 - Level 3.1 Stealth
 + Level 9.1 Shields
 + Level 7.6 Invocations


You had 9 spell levels left.
You didn't know any spells.
Your spell library contained the following spells:

 Spells                   Type           Power        Failure   Level  Hunger
 Animate Skeleton         Necr           N/A          100%        1    ##.....
 Apportation              Tloc           #.....       100%        1    ##.....
 Beastly Appendage        Tmut           #.....       100%        1    ##.....
 Corona                   Hex            #......      100%        1    ##.....
 Foxfire                  Conj/Fire      #...         100%        1    ##.....
 Summon Small Mammal      Summ           #...         100%        1    ##.....
 Sticks to Snakes         Tmut           #.......     100%        2    ###....
 Conjure Flame            Conj/Fire      #.......     100%        3    ####...
 Inner Flame              Hex/Fire       #.......     100%        3    ####...
 Spider Form              Tmut/Pois      #.........   100%        3    ####...
 Ice Form                 Ice/Tmut       #.......     100%        4    #####..
 Sticky Flame             Conj/Fire      #.......     100%        4    #####..
 Blade Hands              Tmut           #.........   100%        5    ######.
 Bolt of Magma            Conj/Fire/Erth #.........   100%        5    ######.
 Fireball                 Conj/Fire      #.........   100%        5    ######.
 Iskenderun's Battlesphe  Conj/Chrm      #.......     100%        5    ######.
 Iron Shot                Conj/Erth      #.........   100%        6    #######
 Orb of Destruction       Conj           #.........   100%        7    #######
 Spellforged Servitor     Conj/Summ      #.........   100%        7    #######


Dungeon Overview and Level Annotations

Branches:
Dungeon (10/15)            Temple (1/1) D:5            Lair (0/6) D:9
    Orc (0/2) D:9

Altars:
Cheibriados
Fedhas
Gozag
Hepliaklqana
Makhleb
Sif Muna
Zin
The Shining One

Shops:
D:5 *

Annotations:
D:6 3 runed translucent doors, HoaS's ghost, journeyman GrBe; MirrMurr's ghost, novice SpEn


Innate Abilities, Weirdness & Mutations

You are resistant to damage.
You can heal yourself by infusing magical energy.
You passively map the area around you.
You do not regenerate.


Message History

You kill the howler monkey!
Makhleb accepts your kill.
You feel better.
You slash the orc priest! You miss something.
Your plate armour prevents you from hitting the orc warrior.
You closely miss the howler monkey. You block the howler monkey's attack.
The orc priest hits you but does no damage.
Something hits you but does no damage.
The howler monkey hits you but does no damage.
The orc warrior barely misses you. You block the orc priest's attack.
You closely miss the orc priest.
The orc priest is almost dead.
You hit the howler monkey.
Your shield and plate armour prevent you from hitting the orc warrior.
You closely miss something. Something hits you but does no damage.
You block the howler monkey's attack.
The orc warrior hits you with a +0 mace!
* * * LOW HITPOINT WARNING * * *
The orc priest calls down the wrath of Beogh upon you.
Beogh smites you!
You die...

* ,, *..#### *
.... * , , ,,
.... , , *
,####... * *,
, #.....# * *
* ###.....# ,
......†h# * ,
......o@# ,
......{o#####
,...###.5<#..#
+ * , .
#....#...# ,,
,#....#...# ,
* *##....#...#
, ,#.....#...#
, ,*,
#.....'>..# ,
, , ,
+.....#...#


You could see an orc warrior, a howler monkey, an orc priest and a crimson imp.

Vanquished Creatures
  Harold (D:7)
  A hippogriff (D:8)
  A human (D:9)
  4 hogs (D:9)
  A steam dragon (D:6)
  2 hungry ghosts (D:7)
  A water moccasin (D:10)
  An orc warrior (D:9)
  3 porcupines (D:9)
  A swamp drake (D:9)
  An ice beast (D:9)
  A sky beast (D:6)
  An eye of draining (D:8)
  A necrophage (D:9)
  A black bear (D:9)
  2 ogres
  A wolf (D:9)
  9 centaurs
  A crocodile (D:9)
  A big kobold (D:8)
  4 bullfrogs
  A water moccasin zombie (D:6)
  5 scorpions
  A killer bee (D:6)
  7 wights
  3 howler monkeys
  7 crimson imps
  A bullfrog zombie (D:7)
  A quasit (D:7)
  2 jellies
  4 hounds
  10 orc wizards
  A centaur skeleton (D:5)
  7 orc priests
  Jessica (D:3)
  A bullfrog skeleton (D:8)
  2 iguanas
  6 worker ants
  A hound skeleton (D:6)
  A worker ant zombie (D:8)
  7 adders
  3 shadow imps
  A white imp (D:6)
  An adder zombie (D:7)
  An adder skeleton (D:4)
  4 worms
  A dart slug (D:2)
  5 leopard geckos
  36 orcs
  11 giant cockroaches
  6 goblins
  16 hobgoblins
  5 jackals
  5 quokkas
  A ball python (D:3)
  10 bats
  7 frilled lizards
  A goblin skeleton (D:6)
  A goblin zombie (D:6)
  5 hobgoblin zombies (D:6)
  7 kobolds
  2 kobold skeletons (D:6)
  2 kobold zombies (D:6)
  An orc skeleton (D:6)
  2 orc zombies (D:6)
  A quokka skeleton (D:5)
  16 rats
259 creatures vanquished.

Vanquished Creatures (collateral kills)
  2 basilisks (D:9)
  A porcupine (D:9)
  A black bear (D:9)
  A wolf (D:9)
  2 crocodiles (D:9)
  A crimson imp (D:9)
  2 orc wizards (D:9)
  A worker ant (D:9)
  An orc (D:9)
12 creatures vanquished.

Vanquished Creatures (others)
  4 withered plants (D:6)
4 creatures vanquished.

Grand Total: 275 creatures vanquished

Notes
Turn   | Place    | Note
-------+----------+-------------------------------------------
     0 | D:1      | Aviak the Deep Dwarf Fighter began the quest for the Orb.
     0 | D:1      | Reached XP level 1. HP: 20/20 MP: 1/1
   148 | D:1      | Reached XP level 2. HP: 20/27 MP: 2/2
   717 | D:2      | Reached skill level 1 in Stealth
   717 | D:2      | Reached XP level 3. HP: 14/34 MP: 3/3
  1085 | D:2      | Reached skill level 1 in Throwing
  1085 | D:2      | Reached XP level 4. HP: 33/42 MP: 3/3
  1838 | D:3      | Reached XP level 5. HP: 37/49 MP: 4/4
  1967 | D:3      | Noticed Jessica
  1977 | D:3      | Killed Jessica
  2590 | D:4      | Reached XP level 6. HP: 31/56 MP: 4/4
  2858 | D:5      | Entered Level 5 of the Dungeon
  2859 | D:5      | Found a staircase to the Ecumenical Temple.
  2890 | Temple   | Entered the Ecumenical Temple
  2900 | Temple   | Became a worshipper of Makhleb the Destroyer
  2981 | D:5      | Found Enwezauh's Assorted Antiques.
  3229 | D:5      | Reached XP level 7. HP: 23/63 MP: 4/4
  3858 | D:6      | Reached skill level 5 in Armour
  3858 | D:6      | Reached skill level 5 in Shields
  3911 | D:6      | Reached * piety under Makhleb
  3973 | D:6      | Reached skill level 5 in Axes
  3993 | D:6      | Reached XP level 8. HP: 31/73 MP: 4/4
  4031 | D:6      | Found a glowing golden altar of the Shining One.
  4112 | D:6      | Found a runed translucent gate.
  4112 | D:6      | Found a runed translucent gate.
  4112 | D:6      | Found a runed translucent gate.
  4112 | D:6      | Noticed MirrMurr's ghost (novice SpEn)
  4113 | D:6      | Noticed HoaS's ghost (journeyman GrBe)
  4251 | D:6      | Reached ** piety under Makhleb
  4251 | D:6      | Reached skill level 5 in Fighting
  4467 | D:6      | Reached skill level 1 in Invocations
  4875 | D:7      | Gained mutation: You passively map the area around you.
                  | [Deep Dwarf growth]
  4875 | D:7      | Reached XP level 9. HP: 39/81 MP: 6/6
  5112 | D:7      | Noticed Harold
  5144 | D:7      | Killed Harold
  5390 | D:8      | Reached skill level 5 in Invocations
  5414 | D:8      | Reached *** piety under Makhleb
  5500 | D:8      | Found a hazy altar of Hepliaklqana.
  5949 | D:8      | Reached XP level 10. HP: 92/92 MP: 8/8
  6365 | D:9      | Reached **** piety under Makhleb
  6397 | D:9      | Found a staircase to the Lair.
  6694 | D:9      | Reached ***** piety under Makhleb
  6723 | D:9      | Found a staircase to the Orcish Mines.
  7135 | D:10     | Entered Level 10 of the Dungeon
  7205 | D:10     | Killed from afar by an orc priest

Illustrated notes

Levels and vault maps discovered:
D:1:      dpeg_arrival_arbitrary_a, layout_loops_ring, minmay_pentomino_q2
D:2:      minmay_chambers_of_twos, layout_basic
D:3:      layout_basic, uniq_jessica
D:4:      layout_rooms, first_ration
D:5:      layout_layer_cave, minmay_temple_entry_statues_pillars, serial_shops,
          shop, minmay_diced_spiral
D:6:      minmay_chambers_of_sixes, layout_cave_pools, gammafunk_ghost_cemetery,
          nicolae_tso_besieged_by_evil
D:7:      layout_basic, uniq_harold
D:8:      layout_loops_corners, kennysheep_mini
D:9:      layout_rooms, minmay_lair_entry_grove, erik_orc_1, grunt_livestock,
          st_stairs_1, minmay_puff
D:10:     layout_gridville, serial_shops, shop
Temple:   nicolae_temple_the_god_donut

Skill      XL: |  1  2  3  4  5  6  7  8  9 10 |
---------------+-------------------------------+-----
Fighting       | 3 4 5 6 7 |  7.5
Stealth        | 1 2 3 |  3.1
Axes           | 3 4 5 6 7 8 |  8.7
Throwing       | 1 |  1.8
Shields        | 4 5 6 8 9 |  9.1
Armour         | 4 5 6 7 9 |  9.0
Invocations    | 2 5 7 |  7.6

Action                   |  1- 3 |  4- 6 |  7- 9 | 10-12 || total
-------------------------+-------+-------+-------+-------++-------
Melee: War axe           |   141 |   224 |   137 |       ||   502
       Broad axe         |       |       |   313 |   197 ||   510
Invok: Lesser Servant of |       |       |       |     2 ||     2
 Abil: Heal Wounds       |     1 |     3 |    10 |     2 ||    16
  Use: Scroll            |       |     7 |     6 |     3 ||    16
 Stab: Distracted        |       |       |       |     1 ||     1
  Eat: Chunk             |     1 |     7 |     8 |     5 ||    21
       Ration            |       |       |     7 |       ||     7
Armor: Scale mail        |    67 |    79 |       |       ||   146
       Plate armour      |       |    37 |   312 |   211 ||   560
Dodge: Dodged            |    47 |    59 |   107 |    57 ||   270
Block: Kite shield       |    67 |   118 |   325 |   180 ||   690
